 Dungeon Crawl Stone Soup version 0.28.0-53-g5a82cb258f (webtiles) character file.

Game seed: 6144444295642897100

2601 Woods the Skirmisher (level 9, -6/56 HPs)
             Began as a Deep Elf Fire Elementalist on June 10, 2022.
             Was an Initiate of Vehumet.
             Killed from afar by a steam dragon (22 damage)
             ... with a ball of steam
             ... on level 7 of the Dungeon on June 11, 2022.
             The game lasted 00:18:35 (10253 turns).

Woods the Skirmisher (Deep Elf Fire Elementalist)  Turns: 10253, Time: 00:18:35

Health: -6/56      AC:  3    Str:  5    XL:     9   Next: 33%
Magic:  18/20      EV: 14    Int: 25    God:    Vehumet [......]
Gold:   200        SH:  0    Dex: 15    Spells: 7/20 levels left

rFire   . . .      SeeInvis +   (no weapon)
rCold   . . .      Faith    .   (no shield)
rNeg    . . .      Spirit   .   a - +0 robe
rPois   .          Reflect  .   (no helmet)
rElec   .          Harm     .   (no cloak)
rCorr   .          Rampage  .   m - +0 pair of gloves
Will    .....                   (no boots)
Stlth   +++.......              j - amulet of magic regeneration
HPRegen 0.18/turn               k - ring of see invisible
MPRegen 0.57/turn               (no ring)

@: no status effects
A: no striking features
a: Renounce Religion


You were on level 7 of the Dungeon.
You worshipped Vehumet.
Vehumet was noncommittal.
You visited 1 branch of the dungeon, and saw 7 of its levels.

You collected 200 gold pieces.

Inventory:

Hand Weapons
 r - a +3 vorpal flail
Armour
 a - a +0 robe (worn)
 m - a +0 pair of gloves (worn)
Jewellery
 j - an amulet of magic regeneration (around neck)
 k - a ring of see invisible (left hand)
 q - a ring of protection from cold
 x - an amulet of regeneration
Wands
 p - a wand of flame (24)
Scrolls
 b - 7 scrolls of teleportation
 c - 2 scrolls of magic mapping
 d - a scroll of enchant weapon
 e - a scroll of blinking {unknown}
 g - 2 scrolls of identify
 h - 4 scrolls of immolation {unknown}
 l - a scroll of vulnerability {unknown}
 o - 2 scrolls of torment {unknown}
 u - a scroll of summoning {unknown}
Potions
 f - a potion of magic {unknown}
 i - a potion of ambrosia {unknown}
 n - a potion of attraction {unknown}
 s - a potion of curing {unknown}
 t - a potion of might {unknown}
 v - a potion of brilliance {unknown}
 w - a potion of resistance {unknown}
 z - a potion of heal wounds {unknown}


   Skills:
 - Level 6.5 Fighting
 - Level 5.0 Dodging
 + Level 5.5 Stealth
 + Level 6.4 Spellcasting
 - Level 6.0 Conjurations
 - Level 6.0 Fire Magic


You had 7 spell levels left.
You knew the following spells:

 Your Spells              Type           Power      Damage    Failure   Level
a - Foxfire               Conj/Fire      100%       2x1d9     1%          1
b - Scorch                Fire           76%        2d8       1%          2
c - Conjure Flame         Conj/Fire      38%        6-21      1%          3
d - Inner Flame           Hex/Fire       23%        N/A       6%          3
e - Flame Wave            Conj/Fire      38%        2d9       6%          4

Your spell library contained the following spells:

 Spells                   Type           Power      Damage    Failure   Level
 Apportation              Tloc           16%        N/A       7%          1
 Alistair's Intoxication  Tmut/Pois      5%         N/A       89%         5
 Summon Cactus Giant      Summ           4%         N/A       100%        6


Dungeon Overview and Level Annotations

Branches:
Dungeon (7/15)             Temple (0/1) D:7

Altars:
Vehumet


Message History

Items here: )) [[ ÷.
Found a stone staircase leading down.
Found a staircase to the Ecumenical Temple.
A scorpion comes into view.
Found a ring mail and a hand axe.
The scorpion moves out of view.
A steam dragon comes into view.
Found 8 gold pieces.
There is a staircase to the Ecumenical Temple here.
Casting: Scorch (safe; 1% risk of failure)
Confirm with . or Enter, or press ? or * to list all spells.
Flames lash the scorpion.
The scorpion is lightly wounded.
The scorpion's fire resistance burns away.
The steam dragon hisses angrily.
The scorpion stings you.
Casting: Scorch (safe; 1% risk of failure)
Confirm with . or Enter, or press ? or * to list all spells.
Flames lash the scorpion.
The scorpion is burned terribly!
You kill the scorpion!
Vehumet accepts your kill. The steam dragon breathes steam at you.
The ball of steam hits you!
You are engulfed in a cloud of scalding steam.
You are engulfed in a cloud of scalding steam.
Casting: Scorch (safe; 1% risk of failure)
Confirm with . or Enter, or press ? or * to list all spells.
Flames lash the steam dragon.
The steam dragon is moderately wounded.
The steam dragon's fire resistance burns away.
The steam dragon breathes steam at you. The ball of steam misses you.
You are engulfed in a cloud of scalding steam.
* * * LOW HITPOINT WARNING * * *
Casting: Scorch (safe; 1% risk of failure)
Confirm with . or Enter, or press ? or * to list all spells.
Flames lash the steam dragon.
The steam dragon is burned terribly!
The steam dragon is almost dead.
The steam dragon breathes steam at you. The ball of steam hits you!!
You die...

.
#..#..#...##$.#
##§....#.#..# #
#§.#..#....#.#
#.§§##....#..#
#..§§..>.....#
#..§#...†##..#
#.D#....#..#.#
#.§#..#.#..[.#
#..@##...#.)##
#..........##
##.......###
#########


You could see a steam dragon (catching breath, combustible).

Vanquished Creatures
  4 yaks
  Edmund (D:5)
  Duvessa (D:6)
  3 black bears
  An orc warrior (D:7)
  A sky beast (D:6)
  A necrophage (D:6)
  A phantom (D:5)
  3 bullfrogs
  4 scorpions
  Dowan (D:6)
  A wight (D:7)
  A bullfrog zombie (D:6)
  An orc priest (D:3)
  A jelly (D:3)
  3 iguanas
  Natasha (thrice) (D:3)
  A centaur skeleton (D:7)
  3 orc wizards
  A hound skeleton (D:5)
  6 gnolls
  A howler monkey skeleton (D:4)
  10 adders
  A shadow imp (D:6)
  An ufetubus (D:6)
  2 worms (D:2)
  2 dart slugs (D:1)
  23 orcs
  4 bats
  7 endoplasms
  A giant cockroach (D:3)
  6 goblins
  6 hobgoblins
  18 jackals
  3 quokkas
  8 ball pythons
  3 frilled lizards
  9 kobolds
  4 rats
151 creatures vanquished.

Vanquished Creatures (others)
  294 foxfires
294 creatures vanquished.

Grand Total: 445 creatures vanquished

Notes
Turn   | Place    | Note
-------+----------+-------------------------------------------
     0 | D:1      | Woods the Deep Elf Fire Elementalist began the quest for
                  | the Orb.
     0 | D:1      | Reached XP level 1. HP: 10/10 MP: 6/6
   253 | D:1      | Reached XP level 2. HP: 15/15 MP: 5/8
   303 | D:1      | Learned a level 2 spell: Scorch
   843 | D:1      | Found a faded altar of an unknown god.
  1500 | D:2      | Reached XP level 3. HP: 19/19 MP: 6/9
  2738 | D:2      | Reached XP level 4. HP: 24/24 MP: 7/11
  2742 | D:2      | Learned a level 3 spell: Conjure Flame
  2746 | D:2      | Learned a level 3 spell: Inner Flame
  3531 | D:3      | You fall into a shaft and drop 3 floors!
  3538 | D:5      | Entered Level 5 of the Dungeon
  4239 | D:3      | Noticed a black bear
  4289 | D:3      | Noticed Natasha
  4294 | D:3      | Killed Natasha
  4295 | D:3      | Reached XP level 5. HP: 21/28 MP: 0/13
  4732 | D:3      | Noticed Natasha
  4737 | D:3      | Killed Natasha
  5075 | D:3      | Noticed Natasha
  5078 | D:3      | Killed Natasha
  5182 | D:3      | Killed a black bear
  5183 | D:3      | Reached XP level 6. HP: 32/32 MP: 6/15
  5738 | D:3      | Reached skill level 5 in Spellcasting
  5964 | D:4      | Reached XP level 7. HP: 36/36 MP: 11/16
  6512 | D:4      | Learned a level 4 spell: Flame Wave
  6519 | D:5      | Reached skill level 5 in Stealth
  6519 | D:5      | Reached skill level 5 in Fire Magic
  6954 | D:5      | Reached skill level 5 in Dodging
  7210 | D:5      | Noticed Edmund
  7232 | D:5      | Killed Edmund
  7233 | D:5      | Reached skill level 5 in Conjurations
  7531 | D:5      | Reached XP level 8. HP: 41/41 MP: 13/19
  8112 | D:6      | Reached skill level 1 in Fighting
  8125 | D:6      | Noticed Duvessa
  8131 | D:6      | Noticed Dowan
  8504 | D:6      | Killed Dowan
  8811 | D:6      | Reached skill level 5 in Fighting
  8821 | D:6      | Reached XP level 9. HP: 35/55 MP: 1/20
  9389 | D:6      | Killed Duvessa
  9828 | D:7      | Noticed a red ugly thing
  9836 | D:7      | Found a radiant altar of Vehumet.
  9839 | D:7      | Became a worshipper of Vehumet
 10225 | D:7      | Found a staircase to the Ecumenical Temple.
 10253 | D:7      | Killed from afar by a steam dragon

Illustrated notes

Levels and vault maps discovered:
D:1:      denvon_arrival_planthouse, layout_basic,
          shapermc_ecumenical_altar_hornbeckon
D:2:      layout_basic
D:3:      layout_basic, st_stairs_2, grunt_decor_clamped, small_statue_alley_b,
          uniq_natasha
D:4:      layout_cave_pods
D:5:      layout_cave_pods, nicolae_elevator_lobby_plus, uniq_edmund
D:6:      layout_rooms, minmay_misc_feat_rugged, uniq_duvessa
D:7:      layout_basic, kennysheep_mini_moat, minmay_temple_entry_mini_moons

Skill      XL: |  1  2  3  4  5  6  7  8  9 |
---------------+----------------------------+-----
Stealth        | 3 4 5 |  5.5
Dodging        | 3 4 5 |  5.0
Conjurations   | 2 3 5 6 |  6.0
Spellcasting   | 4 5 6 |  6.4
Fire Magic     | 4 6 |  6.0
Fighting       | 5 6 |  6.5

Action                   |  1- 3 |  4- 6 |  7- 9 || total
-------------------------+-------+-------+-------++-------
Melee: Unarmed           |     4 |    17 |     1 ||    22
 Cast: Foxfire           |    26 |    34 |   119 ||   179
       Scorch            |    28 |    65 |    81 ||   174
       Conjure Flame     |       |       |     9 ||     9
  Use: Scroll            |       |       |     4 ||     4
Armor: Robe              |     4 |     4 |       ||     8
Dodge: Dodged            |     8 |    31 |    24 ||    63
